[ AOE2 MATCH · #506531590 ]
UnrankedMagyars vs Wei
Player's team · WIN
Rival team · LOSS
[ REPLAY ANALYSIS · EXTRACTED FROM THE RECORDED GAME ]
Feudal
8:57
Castle
20:53
Imperial
39:55
| APM avg | 69.2 |
| APM peak | 131 |
| eAPM avg | 33.7 |
| Villagers / military | 340 / 311 |
Focus
⚔️ 37.8% · 🌾 62.2%
Magyar Huszar ×150 · Cavalry Archer ×114 · Skirmisher ×22 · Scout Cavalry ×14 · Monk ×5 · Mangonel ×3
Feudal
10:59
Castle
20:25
Imperial
40:27
| APM avg | 52.5 |
| APM peak | 87 |
| eAPM avg | 30.0 |
| Villagers / military | 155 / 182 |
Focus
⚔️ 55.0% · 🌾 45.0%
Skirmisher ×103 · Unknown (1944) ×77 · Scout Cavalry ×51 · Unknown (1952) ×39 · Archer ×11 · Mangonel ×7
Match map
Initial resources + every placement click. Lines = walls · curves = elevation contours. ◆ gold · ⬟ stone · ● berries · ✦ relic · ◌ wall gap
Your base· ✓ Closed at 20:53 · 95t walls · 1 gate(s)
minhcrypto91's base· Open — 4t gap
Smoothed initial terrain · ◌ = detected wall gap · hover for details
Inputs per minute
— SnowyP - - minhcrypto91
Build order — SnowyP
First 150 of 872 actions detected
| 0:01 | Queue | Villager (Male) |
| 0:02 | Queue | Villager (Male) |
| 0:02 | Build | House |
| 0:05 | Build | House |
| 0:35 | Queue | Villager (Male) |
| 0:35 | Queue | Villager (Male) |
| 1:20 | Queue | Villager (Male) |
| 2:12 | Queue | Villager (Male) |
| 2:12 | Queue | Villager (Male) |
| 2:15 | Queue | Villager (Male) |
| 2:15 | Queue | Villager (Male) |
| 2:24 | Queue | Villager (Male) |
| 2:25 | Queue | Villager (Male) |
| 2:45 | Build | Lumber Camp |
| 2:55 | Queue | Villager (Male) |
| 3:09 | Queue | Villager (Male) |
| 3:18 | Build | House |
| 3:49 | Queue | Villager (Male) |
| 3:51 | Queue | Villager (Male) |
| 3:51 | Queue | Villager (Male) |
| 4:03 | Queue | Villager (Male) |
| 4:04 | Queue | Villager (Male) |
| 4:42 | Queue | Villager (Male) |
| 5:04 | Queue | Villager (Male) |
| 5:07 | Queue | Villager (Male) |
| 5:42 | Build | Mill |
| 5:48 | Research | Loom |
| 6:44 | Research | Feudal Age |
| 6:45 | Research | Feudal Age |
| 7:43 | Build | House |
| 8:01 | Queue | Villager (Male) |
| 8:20 | Build | Barracks |
| 8:24 | Build | Palisade Wall |
| 8:28 | Build | Palisade Wall |
| 8:36 | Queue | Villager (Male) |
| 8:57 | Age | Feudal Age |
| 9:00 | Build | House |
| 9:02 | Build | Palisade Wall |
| 9:03 | Build | Palisade Wall |
| 9:04 | Build | Palisade Wall |
| 9:05 | Build | House |
| 9:07 | Build | Palisade Wall |
| 9:07 | Build | Palisade Wall |
| 9:08 | Queue | Villager (Male) |
| 9:14 | Queue | Villager (Male) |
| 9:29 | Build | Stable |
| 9:37 | Queue | Villager (Male) |
| 9:48 | Queue | Villager (Male) |
| 9:53 | Research | Double-Bit Axe |
| 10:08 | Queue | Villager (Male) |
| 10:13 | Queue | Villager (Male) |
| 10:17 | Queue | Scout Cavalry |
| 10:17 | Queue | Scout Cavalry |
| 10:20 | Queue | Scout Cavalry |
| 10:23 | Build | Farm |
| 10:38 | Build | Farm |
| 10:38 | Queue | Villager (Male) |
| 10:43 | Build | Farm |
| 10:44 | Queue | Villager (Male) |
| 11:07 | Queue | Scout Cavalry |
| 11:07 | Queue | Scout Cavalry |
| 11:10 | Queue | Villager (Male) |
| 11:13 | Queue | Scout Cavalry |
| 11:15 | Build | Farm |
| 11:18 | Build | Farm |
| 11:31 | Queue | Villager (Male) |
| 11:41 | Queue | Villager (Male) |
| 11:44 | Build | Farm |
| 11:44 | Build | Farm |
| 11:44 | Build | Farm |
| 11:45 | Build | Farm |
| 11:45 | Build | Farm |
| 11:45 | Build | Farm |
| 11:47 | Queue | Villager (Male) |
| 11:54 | Queue | Villager (Male) |
| 12:04 | Queue | Villager (Male) |
| 12:07 | Build | Farm |
| 12:08 | Queue | Villager (Male) |
| 12:10 | Queue | Scout Cavalry |
| 12:13 | Queue | Villager (Male) |
| 12:18 | Build | Farm |
| 12:33 | Build | Palisade Wall |
| 12:34 | Queue | Villager (Male) |
| 12:39 | Build | Palisade Wall |
| 12:42 | Queue | Villager (Male) |
| 12:48 | Queue | Scout Cavalry |
| 12:54 | Build | Palisade Gate |
| 12:58 | Queue | Villager (Male) |
| 13:05 | Queue | Villager (Male) |
| 13:12 | Queue | Villager (Male) |
| 13:20 | Queue | Scout Cavalry |
| 13:20 | Queue | Scout Cavalry |
| 13:28 | Build | House |
| 13:29 | Build | House |
| 13:33 | Build | Farm |
| 13:33 | Queue | Villager (Male) |
| 13:36 | Queue | Villager (Male) |
| 13:41 | Research | Horse Collar |
| 13:41 | Queue | Villager (Male) |
| 13:56 | Build | Palisade Wall |
| 14:03 | Build | House |
| 14:05 | Build | Palisade Wall |
| 14:10 | Queue | Scout Cavalry |
| 14:10 | Queue | Scout Cavalry |
| 14:14 | Build | Farm |
| 14:15 | Queue | Villager (Male) |
| 14:17 | Queue | Villager (Male) |
| 14:23 | Build | House |
| 14:24 | Build | House |
| 14:28 | Queue | Villager (Male) |
| 14:29 | Build | Farm |
| 14:34 | Queue | Villager (Male) |
| 14:50 | Queue | Villager (Male) |
| 14:55 | Build | House |
| 14:57 | Queue | Villager (Male) |
| 15:04 | Queue | Villager (Male) |
| 15:07 | Queue | Villager (Male) |
| 15:15 | Queue | Villager (Male) |
| 15:18 | Build | Mining Camp |
| 15:21 | Queue | Villager (Male) |
| 15:25 | Queue | Scout Cavalry |
| 15:25 | Queue | Scout Cavalry |
| 15:36 | Queue | Villager (Male) |
| 15:38 | Build | Palisade Wall |
| 15:50 | Queue | Villager (Male) |
| 15:54 | Queue | Villager (Male) |
| 15:55 | Queue | Villager (Male) |
| 16:00 | Queue | Villager (Male) |
| 16:08 | Build | Archery Range |
| 16:13 | Queue | Villager (Male) |
| 16:18 | Queue | Villager (Male) |
| 16:28 | Queue | Villager (Male) |
| 16:32 | Queue | Villager (Male) |
| 16:37 | Queue | Villager (Male) |
| 16:44 | Queue | Villager (Male) |
| 16:49 | Queue | Villager (Male) |
| 16:51 | Build | Farm |
| 16:53 | Build | Farm |
| 16:57 | Queue | Villager (Male) |
| 16:58 | Queue | Villager (Male) |
| 16:58 | Queue | Villager (Male) |
| 16:59 | Queue | Villager (Male) |
| 17:00 | Queue | Villager (Male) |
| 17:03 | Queue | Villager (Male) |
| 17:13 | Queue | Villager (Male) |
| 17:22 | Queue | Villager (Male) |
| 17:25 | Build | Palisade Wall |
| 17:36 | Queue | Villager (Male) |
| 17:42 | Build | Market |
| 17:52 | Build | Farm |
Build order — minhcrypto91
First 150 of 691 actions detected
| 0:00 | Queue | Villager (Male) |
| 0:01 | Queue | Villager (Male) |
| 0:02 | Build | House |
| 0:03 | Build | House |
| 0:08 | Queue | Villager (Male) |
| 0:08 | Queue | Villager (Male) |
| 1:24 | Queue | Villager (Male) |
| 1:24 | Queue | Villager (Male) |
| 1:57 | Build | Lumber Camp |
| 1:57 | Queue | Villager (Male) |
| 1:58 | Queue | Villager (Male) |
| 2:28 | Queue | Villager (Male) |
| 2:28 | Queue | Villager (Male) |
| 2:48 | Queue | Villager (Male) |
| 2:48 | Queue | Villager (Male) |
| 3:21 | Queue | Villager (Male) |
| 3:21 | Queue | Villager (Male) |
| 3:32 | Queue | Villager (Male) |
| 3:56 | Build | House |
| 3:57 | Queue | Villager (Male) |
| 3:57 | Queue | Villager (Male) |
| 4:28 | Build | House |
| 4:35 | Queue | Villager (Male) |
| 4:36 | Queue | Villager (Male) |
| 4:36 | Queue | Villager (Male) |
| 5:09 | Queue | Villager (Male) |
| 5:38 | Build | Barracks |
| 5:43 | Queue | Villager (Male) |
| 5:56 | Queue | Villager (Male) |
| 6:16 | Build | House |
| 6:20 | Queue | Militia |
| 6:21 | Queue | Militia |
| 6:41 | Queue | Militia |
| 6:43 | Queue | Militia |
| 7:13 | Build | Mill |
| 7:17 | Queue | Villager (Male) |
| 7:35 | Queue | Villager (Male) |
| 7:39 | Build | House |
| 7:57 | Research | Loom |
| 7:58 | Research | Loom |
| 8:16 | Build | Farm |
| 8:20 | Build | Farm |
| 8:49 | Research | Feudal Age |
| 8:49 | Research | Feudal Age |
| 9:16 | Build | Farm |
| 9:33 | Build | Mining Camp |
| 9:53 | Build | Farm |
| 9:55 | Queue | Villager (Male) |
| 10:11 | Build | Farm |
| 10:59 | Age | Feudal Age |
| 11:01 | Queue | Spearman |
| 11:04 | Build | Watch Tower |
| 11:08 | Build | Blacksmith |
| 11:11 | Queue | Villager (Male) |
| 11:36 | Build | Farm |
| 11:38 | Build | Farm |
| 11:39 | Queue | Villager (Male) |
| 11:42 | Build | House |
| 11:50 | Build | Palisade Wall |
| 12:00 | Build | Palisade Wall |
| 12:10 | Queue | Villager (Male) |
| 12:14 | Build | Palisade Wall |
| 12:19 | Build | Palisade Wall |
| 12:20 | Build | Palisade Wall |
| 12:24 | Queue | Villager (Male) |
| 12:34 | Build | Archery Range |
| 12:39 | Build | Palisade Wall |
| 12:43 | Queue | Villager (Male) |
| 12:53 | Build | Farm |
| 12:55 | Queue | Villager (Male) |
| 13:37 | Queue | Archer |
| 13:48 | Queue | Villager (Male) |
| 13:56 | Build | Archery Range |
| 14:05 | Build | Palisade Wall |
| 14:06 | Build | Palisade Wall |
| 14:14 | Queue | Archer |
| 14:16 | Queue | Villager (Male) |
| 14:32 | Queue | Villager (Male) |
| 14:39 | Research | Horse Collar |
| 14:39 | Research | Horse Collar |
| 14:48 | Build | House |
| 14:49 | Queue | Archer |
| 14:52 | Queue | Villager (Male) |
| 15:10 | Queue | Archer |
| 15:45 | Queue | Spearman |
| 16:11 | Queue | Villager (Male) |
| 16:11 | Queue | Villager (Male) |
| 16:20 | Queue | Archer |
| 16:22 | Build | House |
| 16:24 | Queue | Archer |
| 16:29 | Research | Fletching |
| 16:30 | Research | Fletching |
| 16:30 | Queue | Villager (Male) |
| 16:39 | Queue | Villager (Male) |
| 16:54 | Queue | Archer |
| 16:56 | Build | House |
| 17:45 | Research | Castle Age |
| 17:45 | Research | Castle Age |
| 17:50 | Build | Palisade Wall |
| 17:54 | Build | House |
| 17:57 | Build | Palisade Wall |
| 17:58 | Build | Palisade Wall |
| 18:02 | Queue | Archer |
| 18:02 | Queue | Archer |
| 18:03 | Queue | Archer |
| 18:03 | Queue | Archer |
| 18:17 | Build | Lumber Camp |
| 18:22 | Queue | Villager (Male) |
| 18:28 | Build | House |
| 18:46 | Build | Farm |
| 18:56 | Build | Farm |
| 18:58 | Research | Fletching |
| 18:58 | Research | Fletching |
| 19:19 | Build | Archery Range |
| 19:29 | Build | Farm |
| 19:29 | Build | Farm |
| 19:41 | Research | Double-Bit Axe |
| 19:41 | Research | Double-Bit Axe |
| 20:12 | Build | Farm |
| 20:25 | Age | Castle Age |
| 20:25 | Research | Crossbowman (upgrade) |
| 20:26 | Research | Crossbowman (upgrade) |
| 20:28 | Queue | Unit 1952 |
| 20:28 | Queue | Unit 1952 |
| 20:29 | Queue | Unit 1952 |
| 20:41 | Research | Bodkin Arrow |
| 20:46 | Queue | Unit 1952 |
| 20:46 | Queue | Unit 1952 |
| 20:47 | Queue | Unit 1952 |
| 20:52 | Queue | Villager (Male) |
| 20:56 | Build | University |
| 21:05 | Queue | Unit 1952 |
| 21:06 | Queue | Unit 1952 |
| 21:06 | Queue | Unit 1952 |
| 21:09 | Queue | Villager (Male) |
| 21:28 | Queue | Unit 1952 |
| 21:28 | Queue | Unit 1952 |
| 21:44 | Queue | Unit 1952 |
| 22:03 | Queue | Villager (Male) |
| 22:13 | Queue | Villager (Male) |
| 22:15 | Research | Bow Saw |
| 22:15 | Research | Bow Saw |
| 22:39 | Queue | Villager (Male) |
| 23:01 | Build | Siege Workshop |
| 23:06 | Queue | Villager (Male) |
| 23:08 | Build | Farm |
| 23:10 | Queue | Villager (Male) |
| 23:38 | Research | Padded Archer Armor |
| 23:44 | Queue | Villager (Male) |
| 23:46 | Queue | Mangonel |
Match timeline
| 5:38 | minhcrypto91 · first_building Barracks |
| 8:20 | SnowyP · first_building Barracks |
| 8:24 | SnowyP · wall_segment Palisade Wall x1 |
| 8:28 | SnowyP · wall_segment Palisade Wall x3 |
| 8:57 | SnowyP · age_up feudal |
| 9:02 | SnowyP · wall_segment Palisade Wall x1 |
| 9:03 | SnowyP · wall_segment Palisade Wall x1 |
| 9:04 | SnowyP · wall_segment Palisade Wall x1 |
| 9:07 | SnowyP · wall_segment Palisade Wall x1 |
| 9:07 | SnowyP · wall_segment Palisade Wall x1 |
| 9:29 | SnowyP · first_building Stable |
| 10:59 | minhcrypto91 · age_up feudal |
| 11:50 | minhcrypto91 · wall_segment Palisade Wall x9 |
| 12:00 | minhcrypto91 · wall_segment Palisade Wall x1 |
| 12:14 | minhcrypto91 · wall_segment Palisade Wall x1 |
| 12:19 | minhcrypto91 · wall_segment Palisade Wall x1 |
| 12:20 | minhcrypto91 · wall_segment Palisade Wall x1 |
| 12:33 | SnowyP · wall_segment Palisade Wall x25 |
| 12:34 | minhcrypto91 · first_building Archery Range |
| 12:39 | SnowyP · wall_segment Palisade Wall x10 |
| 12:39 | minhcrypto91 · wall_segment Palisade Wall x3 |
| 13:56 | SnowyP · wall_segment Palisade Wall x18 |
| 14:05 | SnowyP · wall_segment Palisade Wall x14 |
| 14:05 | minhcrypto91 · wall_segment Palisade Wall x1 |
| 14:06 | minhcrypto91 · wall_segment Palisade Wall x1 |
| 15:38 | SnowyP · wall_segment Palisade Wall x10 |
| 16:08 | SnowyP · first_building Archery Range |
| 17:25 | SnowyP · wall_segment Palisade Wall x10 |
| 17:50 | minhcrypto91 · wall_segment Palisade Wall x1 |
| 17:57 | minhcrypto91 · wall_segment Palisade Wall x4 |
| 17:58 | minhcrypto91 · wall_segment Palisade Wall x1 |
| 20:18 | SnowyP · first_market_buy 100 wood |
| 20:25 | minhcrypto91 · age_up castle |
| 20:53 | SnowyP · age_up castle |
| 23:01 | minhcrypto91 · first_building Siege Workshop |
| 25:57 | SnowyP · first_building Siege Workshop |
| 30:56 | SnowyP · first_building Castle |
| 33:53 | SnowyP · first_building Monastery |
| 33:58 | minhcrypto91 · first_building Stable |
| 34:17 | minhcrypto91 · first_market_buy 100 wood |
| 38:15 | minhcrypto91 · first_building Monastery |
| 39:55 | SnowyP · age_up imperial |
| 40:27 | minhcrypto91 · age_up imperial |
| 40:29 | SnowyP · first_market_sell 100 food |
| 40:30 | SnowyP · wall_segment Stone Wall x1 |
| 41:13 | minhcrypto91 · first_building Castle |
| 42:42 | minhcrypto91 · first_market_sell 100 wood |
| 56:09 | minhcrypto91 · resign |
[ AI ANALYSIS · 1 CREDIT ]
What really happened in this match?
Wolo.gg analyzes every decision: build order, eco, micro, common mistakes by bracket. Personalized analysis on WhatsApp or Discord in 30 seconds.
Civ guide
Magyars
Perfil
Jugador #1030929